TOP OF THE 1ST |
Jersey Shore D-Bags batting - Pitching for Seattle Pikes : RHP Jesse Little
|
Pitching: RHP Jesse Little
|
|
Batting: RHB Orlando Bruno
|
0-0: Swinging Strike 0-1: Ball 1-1: Ground out 6-3 (Groundball, 6)
|
Batting: RHB Ricardo González
|
0-0: Swinging Strike 0-1: Ball 1-1: Called Strike 1-2: Foul Ball, location: 2F 1-2: Ball 2-2: Ball 3-2: Strikes out swinging
|
Batting: LHB Mike Bryant
|
0-0: Called Strike 0-1: Called Strike 0-2: Ball 1-2: Strikes out looking
|
Top of the 1st over - 0 run(s), 0 hit(s), 0 error(s), 0 left on base; Jersey Shore 0 - Seattle 0 |
BOTTOM OF THE 1ST |
Seattle Pikes batting - Pitching for Jersey Shore D-Bags : LHP Li-xue Si-ma
|
Pitching: LHP Li-xue Si-ma
|
|
Batting: RHB George Howard
|
0-0: Ground out 5-3 (Groundball, 56)
|
Batting: RHB Randy Sheppard
|
0-0: Ball 1-0: Ball 2-0: Ball 3-0: Base on Balls
|
Batting: RHB António Ortega
|
0-0: Called Strike 0-1: Foul Ball, location: 2F 0-2: Foul Ball, location: 2F 0-2: Strikes out swinging
|
Batting: RHB Dennis Stephenson
|
0-0: Ball 1-0: Ground out 5-3 (Groundball, 5S)
|
Bottom of the 1st over - 0 run(s), 0 hit(s), 0 error(s), 1 left on base; Jersey Shore 0 - Seattle 0 |
TOP OF THE 2ND |
Jersey Shore D-Bags batting - Pitching for Seattle Pikes : RHP Jesse Little
|
Batting: LHB Dave Dodd
|
0-0: Called Strike 0-1: Ball 1-1: Foul Ball, location: 2F 1-2: Foul Ball, location: 2F 1-2: Ball 2-2: Ball 3-2: Strikes out swinging
|
Batting: SHB Tadahisa Kisuki
|
0-0: Ball 1-0: SOLO HOME RUN (Flyball, 89XD), Distance : 446 ft
|
Batting: LHB Armando Macías
|
0-0: SINGLE (Flyball, 6MD)
|
Batting: LHB Ricardo Berroa
|
0-0: SINGLE (Line Drive, 8LS) Armando Macías to second
|
Batting: RHB Gerardo Escobedo
|
0-0: Called Strike 0-1: Foul Ball, location: 2F 0-2: Ball 1-2: Ball 2-2: Strikes out looking
|
Batting: RHB Cy Keynes
|
0-0: Swinging Strike 0-1: Foul Ball, location: 2F 0-2: Ball 1-2: Strikes out swinging
|
Top of the 2nd over - 1 run(s), 3 hit(s), 0 error(s), 2 left on base; Jersey Shore 1 - Seattle 0 |
BOTTOM OF THE 2ND |
Seattle Pikes batting - Pitching for Jersey Shore D-Bags : LHP Li-xue Si-ma
|
Batting: RHB Rafael Rincón
|
0-0: Ground out 6-3 (Groundball, 6M)
|
Batting: RHB John Anderson
|
0-0: Ground out 6-3 (Groundball, 6)
|
Batting: LHB Luka Lagerweij
|
0-0: Called Strike 0-1: Called Strike 0-2: Strikes out looking
|
Bottom of the 2nd over - 0 run(s), 0 hit(s), 0 error(s), 0 left on base; Jersey Shore 1 - Seattle 0 |
TOP OF THE 3RD |
Jersey Shore D-Bags batting - Pitching for Seattle Pikes : RHP Jesse Little
|
Batting: RHB Orlando Bruno
|
0-0: Fly out, F8 (Flyball, 8LD)
|
Batting: RHB Ricardo González
|
0-0: Called Strike 0-1: SINGLE (Line Drive, 8RS)
|
Batting: LHB Mike Bryant
|
0-0: Swinging Strike 0-1: Ball 1-1: Ball 2-1: Ball 3-1: Foul Ball, location: 2F 3-2: Fly out, F8 (Flyball, 8RS)
|
Batting: LHB Dave Dodd
|
0-0: Ball Ricardo González steals 2nd base 1-0: Called Strike 1-1: Foul Ball, location: 2F 1-2: Foul Ball, location: 2F 1-2: Strikes out swinging
|
Top of the 3rd over - 0 run(s), 1 hit(s), 0 error(s), 1 left on base; Jersey Shore 1 - Seattle 0 |
BOTTOM OF THE 3RD |
Seattle Pikes batting - Pitching for Jersey Shore D-Bags : LHP Li-xue Si-ma
|
Batting: LHB Bruno Lalonde
|
0-0: Foul Ball, location: 2F 0-1: Foul Ball, location: 2F 0-2: Ball 1-2: Ball 2-2: Ball 3-2: SINGLE (Groundball, 34D)
|
Batting: SHB Jong-min Kim
|
0-0: Ball 1-0: Foul Ball, location: 2F 1-1: Ball 2-1: Swinging Strike 2-2: Foul Ball, location: 2F 2-2: Foul Ball, location: 2F 2-2: Grounds into double play, 6-4-3 (Groundball, 6)
|
Batting: RHB George Howard
|
0-0: Ball 1-0: Ball 2-0: SINGLE (Line Drive, 4D)
|
Batting: RHB Randy Sheppard
|
0-0: Ball 1-0: SINGLE (Line Drive, 8LS) George Howard to second
|
Batting: RHB António Ortega
|
0-0: DOUBLE (Line Drive, 7LS) George Howard scores Randy Sheppard to third Runner from 3rd tries for Home, SAFE, no throw or cutoff
|
Batting: RHB Dennis Stephenson
|
0-0: Ground out 6-3 (Groundball, 6M)
|
Bottom of the 3rd over - 2 run(s), 4 hit(s), 0 error(s), 1 left on base; Jersey Shore 1 - Seattle 2 |
TOP OF THE 4TH |
Jersey Shore D-Bags batting - Pitching for Seattle Pikes : RHP Jesse Little
|
Batting: SHB Tadahisa Kisuki
|
0-0: Called Strike 0-1: Foul Ball, location: 2F 0-2: Ball 1-2: Strikes out swinging
|
Batting: LHB Armando Macías
|
0-0: SINGLE (Line Drive, 4MD)
|
Batting: LHB Ricardo Berroa
|
0-0: Ball 1-0: Foul Ball, location: 2F 1-1: Ball 2-1: Foul Ball, location: 2F 2-2: Foul Ball, location: 2F 2-2: Ball 3-2: Base on Balls Armando Macías to second
|
Batting: RHB Gerardo Escobedo
|
0-0: Foul Ball, location: 2F 0-1: Swinging Strike 0-2: Grounds into double play, U5-3 (Groundball, 5L)
|
Top of the 4th over - 0 run(s), 1 hit(s), 0 error(s), 1 left on base; Jersey Shore 1 - Seattle 2 |
BOTTOM OF THE 4TH |
Seattle Pikes batting - Pitching for Jersey Shore D-Bags : LHP Li-xue Si-ma
|
Batting: RHB Rafael Rincón
|
0-0: Ball 1-0: Ball 2-0: SINGLE (Line Drive, 89M)
|
Batting: RHB John Anderson
|
0-0: Ball 1-0: Grounds into double play, 6-4-3 (Groundball, 6)
|
Batting: LHB Luka Lagerweij
|
0-0: Ground out 6-3 (Groundball, 6M)
|
Bottom of the 4th over - 0 run(s), 1 hit(s), 0 error(s), 0 left on base; Jersey Shore 1 - Seattle 2 |
TOP OF THE 5TH |
Jersey Shore D-Bags batting - Pitching for Seattle Pikes : RHP Jesse Little
|
Batting: RHB Cy Keynes
|
0-0: Ground out 4-3 (Groundball, 4)
|
Batting: RHB Orlando Bruno
|
0-0: Called Strike 0-1: Ball 1-1: Foul Ball, location: 2F 1-2: Strikes out looking
|
Batting: RHB Ricardo González
|
0-0: SINGLE (Line Drive, 56D)
|
Batting: LHB Mike Bryant
|
0-0: Called Strike 0-1: Foul Ball, location: 2F 0-2: Strikes out swinging
|
Top of the 5th over - 0 run(s), 1 hit(s), 0 error(s), 1 left on base; Jersey Shore 1 - Seattle 2 |
BOTTOM OF THE 5TH |
Seattle Pikes batting - Pitching for Jersey Shore D-Bags : LHP Li-xue Si-ma
|
Batting: LHB Bruno Lalonde
|
0-0: Swinging Strike 0-1: Foul Ball, location: 2F 0-2: Foul Ball, location: 2F 0-2: Ball 1-2: Foul Ball, location: 2F 1-2: Foul Ball, location: 2F 1-2: Foul Ball, location: 2F 1-2: Ball 2-2: Foul Ball, location: 2F 2-2: SINGLE (Groundball, 56D)
|
Batting: SHB Jong-min Kim
|
0-0: Ball 1-0: Foul Ball, location: 2F 1-1: Ball 2-1: SINGLE (Groundball, 56D) Bruno Lalonde to second
|
Batting: RHB George Howard
|
0-0: Foul Ball, location: 2F 0-1: Called Strike 0-2: Grounds into double play, 5-4-3 (Groundball, 56) Bruno Lalonde to third
|
Batting: RHB Randy Sheppard
|
0-0: Ball 1-0: Ball 2-0: Called Strike 2-1: Ball 3-1: Base on Balls
|
Batting: RHB António Ortega
|
0-0: Ball 1-0: Fielders Choice at 2nd, U4 (Groundball, 4M)
|
Bottom of the 5th over - 0 run(s), 2 hit(s), 0 error(s), 2 left on base; Jersey Shore 1 - Seattle 2 |
TOP OF THE 6TH |
Jersey Shore D-Bags batting - Pitching for Seattle Pikes : RHP Jesse Little
|
Batting: LHB Dave Dodd
|
0-0: Foul Ball, location: 2F 0-1: Foul Ball, location: 2F 0-2: Foul Ball, location: 2F 0-2: Ball 1-2: SOLO HOME RUN (Flyball, 9LD), Distance : 333 ft
|
Batting: SHB Tadahisa Kisuki
|
0-0: Called Strike 0-1: Foul Ball, location: 2F 0-2: Ball 1-2: Ball 2-2: DOUBLE (Flyball, 7LS)
|
Pinch Runner at 2nd Pedro Rodríguez:
|
|
Batting: LHB Armando Macías
|
0-0: Ball 1-0: Ball 2-0: Called Strike 2-1: Fly out, F8 (Flyball, 8LXD) Runner from 2nd tags up, SAFE at 3rd, no throw
|
Batting: LHB Ricardo Berroa
|
0-0: Swinging Strike 0-1: Ball 1-1: Fly out, F9 (Flyball, 89XD) Runner from 3rd tags up, SCORES, no throw
|
Batting: RHB Gerardo Escobedo
|
0-0: Ground out 4-3 (Groundball, 34)
|
Top of the 6th over - 2 run(s), 2 hit(s), 0 error(s), 0 left on base; Jersey Shore 3 - Seattle 2 |
BOTTOM OF THE 6TH |
Seattle Pikes batting - Pitching for Jersey Shore D-Bags : LHP Li-xue Si-ma
|
Now at 1B: Pedro Rodríguez
|
|
Batting: RHB Dennis Stephenson
|
0-0: Called Strike 0-1: Swinging Strike 0-2: Ball 1-2: Strikes out swinging
|
Batting: RHB Rafael Rincón
|
0-0: Ground out 1-3 (Groundball, 15)
|
Batting: RHB John Anderson
|
0-0: Ball 1-0: Fly out, F4 (Popup, 3L)
|
Bottom of the 6th over - 0 run(s), 0 hit(s), 0 error(s), 0 left on base; Jersey Shore 3 - Seattle 2 |
TOP OF THE 7TH |
Jersey Shore D-Bags batting - Pitching for Seattle Pikes : RHP Jesse Little
|
Batting: RHB Cy Keynes
|
0-0: Foul Ball, location: 2F 0-1: Ball 1-1: SINGLE (Flyball, 8RS)
|
Batting: RHB Orlando Bruno
|
0-0: Bunt missed! 0-1: Ball 1-1: Bunted foul 1-2: 2-RUN HOME RUN (Flyball, 7D), Distance : 392 ft
|
Batting: RHB Ricardo González
|
0-0: Ball 1-0: Foul Ball, location: 2F 1-1: Called Strike 1-2: Fly out, F2 (Popup, 2RF)
|
Batting: LHB Mike Bryant
|
0-0: SINGLE (Line Drive, 4MD)
|
Pitching: LHP Joey Smith
|
|
Batting: LHB Dave Dodd
|
0-0: Swinging Strike 0-1: Foul Ball, location: 2F 0-2: Ball 1-2: Foul Ball, location: 2F 1-2: Foul Ball, location: 2F 1-2: Foul Ball, location: 2F 1-2: Strikes out swinging
|
Batting: RHB Pedro Rodríguez
|
0-0: Called Strike 0-1: Fielders Choice at 2nd, U4 (Groundball, 4M)
|
Top of the 7th over - 2 run(s), 3 hit(s), 0 error(s), 1 left on base; Jersey Shore 5 - Seattle 2 |
BOTTOM OF THE 7TH |
Seattle Pikes batting - Pitching for Jersey Shore D-Bags : LHP Li-xue Si-ma
|
Batting: LHB Luka Lagerweij
|
0-0: Called Strike 0-1: Ball 1-1: Ground out 4-3 (Groundball, 4M)
|
Batting: LHB Bruno Lalonde
|
0-0: Ball 1-0: Ball 2-0: Ball 3-0: Called Strike 3-1: Swinging Strike 3-2: Ground out 5-3 (Groundball, 5L)
|
Batting: SHB Jong-min Kim
|
0-0: Ball 1-0: Foul Ball, location: 2F 1-1: Ball 2-1: Ground out 5-3 (Groundball, 6)
|
Bottom of the 7th over - 0 run(s), 0 hit(s), 0 error(s), 0 left on base; Jersey Shore 5 - Seattle 2 |
TOP OF THE 8TH |
Jersey Shore D-Bags batting - Pitching for Seattle Pikes : LHP Joey Smith
|
Batting: LHB Armando Macías
|
0-0: Ball 1-0: Foul Ball, location: 2F 1-1: Foul Ball, location: 2F 1-2: Fly out, F7 (Flyball, 7D)
|
Pitching: LHP Cristián Escobar
|
|
Batting: LHB Ricardo Berroa
|
0-0: Foul Ball, location: 2F 0-1: Foul Ball, location: 2F 0-2: Strikes out looking
|
Batting: RHB Gerardo Escobedo
|
0-0: Called Strike 0-1: Swinging Strike 0-2: Ball 1-2: Strikes out swinging
|
Top of the 8th over - 0 run(s), 0 hit(s), 0 error(s), 0 left on base; Jersey Shore 5 - Seattle 2 |
BOTTOM OF THE 8TH |
Seattle Pikes batting - Pitching for Jersey Shore D-Bags : LHP Li-xue Si-ma
|
Batting: RHB George Howard
|
0-0: Ground out 6-3 (Groundball, 6S)
|
Batting: RHB Randy Sheppard
|
0-0: Ball 1-0: Ball 2-0: Swinging Strike 2-1: Swinging Strike 2-2: Strikes out looking
|
Batting: RHB António Ortega
|
0-0: Called Strike 0-1: Ball 1-1: Ball 2-1: Foul Ball, location: 2F 2-2: Strikes out swinging
|
Bottom of the 8th over - 0 run(s), 0 hit(s), 0 error(s), 0 left on base; Jersey Shore 5 - Seattle 2 |
TOP OF THE 9TH |
Jersey Shore D-Bags batting - Pitching for Seattle Pikes : LHP Cristián Escobar
|
Batting: RHB Cy Keynes
|
0-0: Ball 1-0: Swinging Strike 1-1: Foul Ball, location: 2F 1-2: Strikes out looking
|
Batting: RHB Orlando Bruno
|
0-0: Ball 1-0: Ball 2-0: Ball 3-0: Base on Balls
|
Batting: RHB Ricardo González
|
Reached via error on a dropped throw, E1 Orlando Bruno to second
|
Batting: LHB Mike Bryant
|
0-0: Fielders Choice at 2nd, 6-4 (Groundball, 6) Orlando Bruno to third
|
Batting: LHB Dave Dodd
|
0-0: Called Strike 0-1: SINGLE (Line Drive, 78S) Orlando Bruno scores Mike Bryant to second
|
Batting: RHB Pedro Rodríguez
|
0-0: Called Strike 0-1: Foul Ball, location: 2F 0-2: Strikes out looking
|
Top of the 9th over - 1 run(s), 1 hit(s), 1 error(s), 2 left on base; Jersey Shore 6 - Seattle 2 |
BOTTOM OF THE 9TH |
Seattle Pikes batting - Pitching for Jersey Shore D-Bags : LHP Li-xue Si-ma
|
Batting: RHB Dennis Stephenson
|
0-0: Ball 1-0: Ball 2-0: Swinging Strike 2-1: Ground out 5-3 (Groundball, 5)
|
Batting: RHB Rafael Rincón
|
0-0: Called Strike 0-1: Ball 1-1: Ball 2-1: Ground out 6-3 (Groundball, 6)
|
Batting: RHB John Anderson
|
0-0: Ground out 5-3 (Groundball, 56)
|
Bottom of the 9th over - 0 run(s), 0 hit(s), 0 error(s), 0 left on base; Jersey Shore 6 - Seattle 2 |
|